 Dungeon Crawl Stone Soup version 0.31-a0-574-g69dc8cc98e (webtiles) character file.

Game seed: 12879318305491717528

837 Newt the Trooper (level 7, -1/87 HPs)
             Began as a Demonspawn Gladiator on Aug 18, 2023.
             Was an Initiate of Hepliaklqana.
             Slain by a gnoll sergeant
             ... wielding a +3 spear of venom
              (2 damage)
             ... on level 4 of the Dungeon.
             The game lasted 00:07:11 (6453 turns).

Newt the Trooper (Demonspawn Gladiator)             Turns: 6453, Time: 00:07:12

Health: -1/87      AC: 18    Str: 16    XL:     7   Next: 66%
Magic:  7/7        EV: 12    Int: 10    God:    Hepliaklqana [......]
Gold:   183        SH:  0    Dex: 14    Spells: 6/6 levels left

rFire   + + .        a - +0 rapier
rCold   + . .        (no shield)
rNeg    . . .        o - +3 ring mail {rF+}
rPois   +            c - +1 helmet
rElec   +            d - +0 cloak
rCorr   +            (no gloves)
SInv    .            (no boots)
Will    .....        r - amulet of magic regeneration Stlth
                     p - +4 ring of protection
HPRegen 0.34/turn    (no ring)
MPRegen 0.50/turn

%: no passive effects
@: berserking, lethally poisoned (-1 -> -8), resistant, very quick
A: claws 1, thin metallic scales 1
a: Renounce Religion


You were on level 4 of the Dungeon.
You worshipped Hepliaklqana.
Hepliaklqana was noncommittal.
You visited 2 branches of the dungeon, and saw 6 of its levels.

You collected 225 gold pieces.
You spent 42 gold pieces at shops.

Inventory:

Hand Weapons
 a - a +0 rapier (weapon)
 m - a +3 quarterstaff of chaos
Armour
 b - a +0 leather armour
 c - a +1 helmet (worn)
 d - a +0 cloak (worn)
 o - a +3 ring mail of fire resistance (worn)
Jewellery
 p - a +4 ring of protection (left claw)
 r - an amulet of magic regeneration (around neck)
Wands
 n - a wand of charming (3)
Scrolls
 e - a scroll of fog
 f - 4 scrolls of teleportation
 i - a scroll of identify
 k - a scroll of amnesia


   Skills:
 - Level 6.0 Fighting
 - Level 3.0 Short Blades
 + Level 2.0 Throwing
 - Level 4.0 Armour
 - Level 4.7 Dodging


You had 6 spell levels left.
You didn't know any spells.
Your spell library contained the following spells:

 Spells                   Type           Power      Damage    Failure   Level
 Sandblast                Erth           0%         2d4       56%         1
 Slow                     Hex            0%         N/A       56%         1
 Summon Small Mammal      Summ           0%         N/A       56%         1
 Ensorcelled Hibernation  Hex/Ice        0%         N/A       71%         2
 Passwall                 Tmut/Erth      0%         N/A       71%         2
 Scorch                   Fire           0%         2d5       71%         2
 Call Canine Familiar     Summ           0%         N/A       90%         3
 Confusing Touch          Hex            0%         N/A       90%         3
 Stone Arrow              Conj/Erth      0%         3d7       90%         3
 Summon Guardian Golem    Hex/Summ       0%         N/A       90%         3
 Vampiric Draining        Necr           0%         2d6       90%         3
 Anguish                  Hex/Necr       0%         N/A       100%        4
 Flame Wave               Conj/Fire      0%         2d4       100%        4
 Summon Cactus Giant      Summ           0%         N/A       100%        6


Dungeon Overview and Level Annotations

Branches:
Dungeon (5/15)             Temple (1/1) D:4

Altars:
Ashenzari
Cheibriados
Dithmenos
Hepliaklqana
Kikubaaqudgha
Nemelex Xobeh
Ru
Sif Muna
Trog
Wu Jian
Xom
Yredelemnul

Shops:
D:1 [   D:2 ?


Innate Abilities, Weirdness & Mutations

You have sharp fingernails.
You are partially covered in thin metallic scales. (AC +2)


Message History

You feel sick.
The gnoll sergeant hits you with a +3 spear of venom.
You are more poisoned.
You hit the gnoll sergeant.
The gnoll sergeant is moderately wounded.
You feel very sick. The gnoll sergeant barely misses you.
You hit the gnoll sergeant.
The gnoll sergeant is heavily wounded.
You feel very sick.
The gnoll sergeant hits you with a +3 spear of venom.
You are more poisoned.
You hit the gnoll sergeant.
The gnoll sergeant is severely wounded.
You feel very sick.
The gnoll sergeant hits you but does no damage.
You hit the gnoll sergeant but do no damage.
The gnoll sergeant is severely wounded.
You feel very sick.
The gnoll sergeant hits you with a +3 spear of venom.
You hit the gnoll sergeant but do no damage.
The gnoll sergeant is severely wounded.
You feel very sick.
The gnoll sergeant hits you with a +3 spear of venom!
* * * LOW HITPOINT WARNING * * *
You are more poisoned.
The gnoll sergeant closely misses you.
It was a potion of resistance.
You feel protected.
* * * LOW HITPOINT WARNING * * *
You feel very sick.
The gnoll sergeant hits you with a +3 spear of venom.
* * * LOW HITPOINT WARNING * * *
It was a potion of berserk rage.
A red film seems to cover your vision as you go berserk!
You feel yourself moving faster!
You feel mighty!
* * * LOW HITPOINT WARNING * * *
You feel very sick.
The gnoll sergeant hits you with a +3 spear of venom.
You die...

#.##...#.#...##
#.##..#.#.#..(#
####.##.#.#.#.#..#
.........#.>.#...#
.....##.#.#.#.#..#
#######..#.#.#...#
# #....#.#....# #
#..........g# #
#..###..##[@# #
##..........# #
######.##.## #
##########.##)# #
#.....^....##.#
###.###########.#
..............).#
###.#############
###.#


You could see a gnoll sergeant.

Vanquished Creatures
  Sigmund (D:2)
  An ice beast (D:4)
  Blork the orc (D:3)
  3 scorpions (D:4)
  Crazy Yiuf (D:2)
  2 orc priests (D:4)
  Jessica (D:1)
  Ijyb (D:4)
  2 orc wizards
  4 adders
  2 gnolls (D:4)
  A white imp (D:4)
  A worm (D:4)
  2 dart slugs
  8 orcs
  7 bats
  11 endoplasms
  4 giant cockroaches
  9 goblins
  10 hobgoblins
  2 jackals (D:3)
  2 kobolds
  3 quokkas
  4 ball pythons
  5 frilled lizards
  5 rats
93 creatures vanquished.

Vanquished Creatures (collateral kills)
  A goblin (D:2)
  A hobgoblin (D:2)
2 creatures vanquished.

Vanquished Creatures (others)
  An orc wizard (D:4)
1 creature vanquished.

Grand Total: 96 creatures vanquished

Notes
Turn   | Place    | Note
-------+----------+-------------------------------------------
     0 | D:1      | Newt the Demonspawn Gladiator began the quest for the Orb.
     0 | D:1      | Reached XP level 1. HP: 16/16 MP: 1/1
   120 | D:1      | Found a faded altar of an unknown god.
   286 | D:1      | Found Tanud's Armour Emporium.
   388 | D:1      | Gained mutation: You are partially covered in thin metallic
                  | scales. (AC +2) [demonic ancestry]
   388 | D:1      | Reached XP level 2. HP: 18/23 MP: 2/2
   441 | D:1      | Reached skill level 3 in Fighting
  1200 | D:2      | Noticed Jessica
  1201 | D:2      | Noticed Sigmund
  1220 | D:1      | Killed Jessica
  1221 | D:1      | Reached skill level 4 in Fighting
  1221 | D:1      | Reached XP level 3. HP: 17/30 MP: 3/3
  1544 | D:2      | Killed Sigmund
  1545 | D:2      | Reached XP level 4. HP: 9/37 MP: 4/4
  1545 | D:2      | Reached XP level 5. HP: 10/42 MP: 5/5
  2063 | D:2      | Found Cetionepn's Magic Scroll Shop.
  2085 | D:2      | Bought a scroll of teleportation for 42 gold pieces
  2111 | D:2      | Found a runed translucent door.
  2112 | D:2      | Noticed Crazy Yiuf
  2464 | D:2      | Killed Crazy Yiuf
  2465 | D:2      | Reached XP level 6. HP: 20/48 MP: 0/6
  3341 | D:4      | Noticed Ijyb
  3437 | D:4      | Killed Ijyb
  3512 | D:4      | Found a staircase to the Ecumenical Temple.
  3545 | Temple   | Entered the Ecumenical Temple
  3554 | Temple   | Became a worshipper of Hepliaklqana the Forgotten
  4508 | D:4      | Noticed Blork the orc
  4903 | D:3      | Killed Blork the orc
  5250 | D:4      | Gained mutation: You have sharp fingernails. [demonic
                  | ancestry]
  5250 | D:4      | Reached XP level 7. HP: 54/54 MP: 7/7
  5287 | D:4      | Found a shadowy altar of Dithmenos.
  5478 | D:5      | Entered Level 5 of the Dungeon
  5933 | D:4      | Reached skill level 5 in Fighting
  6252 | D:4      | Reached skill level 6 in Fighting
  6452 | D:4      | HP: 2/58 [gnoll sergeant/+3 spear of venom (2)]
  6453 | D:4      | Slain by a gnoll sergeant

Illustrated notes

Levels and vault maps discovered:
D:1:      dpeg_arrival_water_temple_mockup, layout_loops_corners,
          basic_ecumenical_altar, serial_shops, nicolae_shop_waterfront,
          corexii_item_surrounded_by_moat, minivault_27
D:2:      cheibrodos_greedy_goblins, layout_loops_cross, serial_shops,
          nicolae_shop_getting_attention, uniq_crazy_yiuf_cottage, uniq_sigmund,
          uniq_jessica
D:3:      layout_basic, tso_oasis_becter
D:4:      layout_loops_ring, mainiacjoe_overflow_big_doors,
          minmay_temple_entry_grid, uniq_ijyb, uniq_blork_the_orc
D:5:      due_chaos_kobolds, layout_rooms, mainiacjoe_overflow_alcove_2,
          corexii_checkpoint_a
Temple:   hellmonk_temple_two_chambers

Skill      XL: |  1  2  3  4  5  6  7 |
---------------+----------------------+-----
Fighting       | 4 6 |  6.0
Short Blades   | 3 |  3.0
Armour         | 3 4 |  4.0
Dodging        | 3 4 |  4.7
Throwing       | 2 |  2.0

Action                     |  1- 3 |  4- 6 |  7- 9 || total
---------------------------+-------+-------+-------++-------
  Melee: Rapier            |    94 |   327 |   116 ||   537
         Punch             |       |     3 |     4 ||     7
  Throw: Throwing net      |     3 |     3 |     1 ||     7
         Javelin           |       |     2 |       ||     2
  Evoke: Wand              |       |       |     1 ||     1
    Use: Scroll            |     7 |     2 |     2 ||    11
         Potion            |     1 |       |     3 ||     4
   Stab: Sleeping          |     2 |     1 |       ||     3
         Held in net/web   |       |     1 |       ||     1
 Armour: Leather armour    |    25 |   114 |       ||   139
         Ring mail         |       |    55 |    71 ||   126
  Dodge: Dodged            |    49 |   234 |    66 ||   349

Table legend: (Time is in decaauts)
 A = Elapsed time spent in this place.
 B = Non-inter-level travel time spent in this place.
 C = Inter-level travel time spent in this place.
 D = Time resting spent in this place.
 E = Time spent auto-exploring this place.
 F = Levels seen in this place.
 G = Mean time per level.
                   A        B        C        D        E       F      G
               +--------+--------+--------+--------+--------+-----+--------+
         Total |   6496 |   6295 |    201 |   2483 |   2684 |   6 | 1082.7 |
       Dungeon |   6133 |   5940 |    193 |   2139 |   2684 |   5 | 1226.6 |
        Temple |    363 |    355 |      8 |    344 |      0 |   1 |  363.0 |
               +--------+--------+--------+--------+--------+-----+--------+

Top non-repeatable levels by time:
     D:4: 2105 daAuts
     D:1: 1455 daAuts
     D:2: 1209 daAuts
     D:3: 1201 daAuts
  Temple: 363 daAuts
     D:5: 161 daAuts
